 Dungeon Crawl Stone Soup version 0.19.5 (webtiles) character file.

789 JeffiDaFish the Cudgeler (level 7, -4/44 HPs)
             Began as a Gargoyle Fighter on Mar 12, 2017.
             Slain by Menkaure (12 damage)
             ... on level 5 of the Dungeon.
             The game lasted 00:08:35 (3260 turns).

JeffiDaFish the Cudgeler (Gargoyle Fighter)         Turns: 3260, Time: 00:08:35

Health: -4/44      AC: 20    Str: 19    XL:     7   Next: 87%
Magic:  0/7        EV:  9    Int:  9    God:
Gold:   233        SH: 11    Dex: 16    Spells: 0 memorised, 6 levels left

rFire  . . .     SeeInvis .     p - +3 flail (venom)
rCold  . . .     Gourm    .     l - +1 plate armour
rNeg   + . .     Faith    .     c - +1 shield
rPois  ∞         Spirit   +     (no helmet)
rElec  +         Reflect  .     d - +0 cloak
rCorr  .         Harm     .     b - +0 pair of gloves
MR     .....                    (no boots)
Stlth  ..........               m - amulet of guardian spirit
                                (no ring)
                                (no ring)

@: agile
A: negative energy resistance 1, electricity resistance, unbreathing,
petrification resistance, rot immunity, AC +4
a: no special abilities


You were on level 5 of the Dungeon.
You were hungry.

You visited 1 branch of the dungeon, and saw 5 of its levels.

You collected 233 gold pieces.

Inventory:

Hand Weapons
 p - a +3 flail of venom (weapon)
Armour
 b - a +0 pair of gloves (worn)
 c - a +1 shield (worn)
 d - a +0 cloak (worn)
 l - a +1 plate armour (worn)
Jewellery
 m - an amulet of guardian spirit (around neck)
Scrolls
 i - 2 scrolls of blinking
 k - 2 scrolls of teleportation
 n - 2 scrolls of remove curse
 q - 4 scrolls of identify
 r - a scroll of enchant armour
Potions
 e - 2 potions of brilliance
Books
 o - a book of Cantrips

   Spells                             Type                      Level
   a - Confusing Touch                Hexes                        1
   b - Animate Skeleton               Necromancy                   1
   c - Summon Small Mammal            Summoning                    1
   d - Apportation                    Translocation                1
Comestibles
 f - 5 bread rations
 h - 2 beef jerkies
 j - 2 meat rations


   Skills:
 + Level 5.0 Fighting
 + Level 5.9 Maces & Flails
 + Level 4.7 Armour
 + Level 1.0 Dodging
 + Level 5.5 Shields


You had 6 spell levels left.
You didn't know any spells.

Dungeon Overview and Level Annotations

Branches:
Dungeon (5/15)
 Temple: D:4-7

Altars:
Fedhas
Hepliaklqana
Makhleb
Qazlal
Zin

Annotations:
D:5 Menkaure


Innate Abilities, Weirdness & Mutations

You are resistant to torment.
Your stone body is resilient. (AC +4)
You are immune to poison.
You resist negative energy. (rN+)
You are resistant to electric shocks. (rElec)
You can survive without breathing.
You are immune to petrification.
You are immune to rotting.


Message History

This raw flesh tastes terrible.
You are feeling hungry.
Menkaure gestures at you while chanting.
You struggle to resist.
Menkaure hits you!
You hit Menkaure.
Menkaure is lightly damaged.
Menkaure hits you! You block Menkaure's attack.
You sock Menkaure!
Menkaure is heavily damaged.
Menkaure hits you!
* * * LOW HITPOINT WARNING * * *
You hit Menkaure.
Menkaure is heavily damaged.
Menkaure hits you but does no damage. Menkaure hits you.
* * * LOW HITPOINT WARNING * * *
You feel better. You block Menkaure's attack.
You feel agile all of a sudden. Menkaure hits you!
You die...

.########### ###
...........# #..
...#######.# #.#
##.#######.# #.#
#......##.# #.#
##.......#.# #.#
...####..#(# #.# .###
#..#.## #M# .# #.....#
#@# .# #.....# #.# .#
#..##.## #.# .#
#..#...###.# .#
#..........# .#
##.#...#####
.######...#.########.#
.##.....#............#
.##.###...###.######.#


You could see Menkaure.

Vanquished Creatures
  Grinder (D:4)
  Edmund (D:4)
  The ghost of ENesbit the Skirmisher, an amateur OgAK of Lugonu (D:3)
  A howler monkey (D:5)
  2 orc priests (D:4)
  A gnoll shaman (D:3)
  2 hounds
  An orc wizard (D:4)
  6 gnolls
  4 adders (D:3)
  An adder zombie (D:5)
  A dart slug (D:1)
  4 leopard geckos
  10 orcs
  3 giant cockroaches
  5 goblins
  5 hobgoblins
  4 jackals (D:2)
  3 kobolds
  A ball python (D:1)
  5 bats
  5 frilled lizards
  4 rats
71 creatures vanquished.

Notes
Turn   | Place    | Note
-------+----------+-------------------------------------------
     0 | D:1      | JeffiDaFish the Gargoyle Fighter began the quest for the Orb.
     0 | D:1      | Reached XP level 1. HP: 14/14 MP: 1/1
    79 | D:1      | Reached XP level 2. HP: 19/19 MP: 2/2
   459 | D:2      | Found a faded altar of an unknown god.
   599 | D:2      | Reached XP level 3. HP: 24/24 MP: 3/3
  1235 | D:3      | Found a glowing silver altar of Zin.
  1235 | D:3      | Found a burning altar of Makhleb.
  1236 | D:3      | Noticed an Executioner
  1236 | D:3      | Noticed an angel
  1311 | D:3      | Reached XP level 4. HP: 27/29 MP: 4/4
  1376 | D:3      | Reached XP level 5. HP: 19/33 MP: 5/5
  1558 | D:3      | Found a stormy altar of Qazlal.
  1564 | D:3      | Noticed ENesbit's ghost (amateur OgAK)
  1582 | D:3      | Killed ENesbit's ghost
  1582 | D:3      | Reached XP level 6. HP: 15/38 MP: 1/6
  1907 | D:3      | Found a blossoming altar of Fedhas.
  2203 | D:4      | Noticed Grinder
  2204 | D:4      | Paralysed by Grinder for 3 turns
  2223 | D:4      | Paralysed by Grinder for 3 turns
  2237 | D:4      | Paralysed by Grinder for 3 turns
  2246 | D:4      | Paralysed by Grinder for 3 turns
  2258 | D:4      | Killed Grinder
  2258 | D:4      | Reached skill level 1 in Dodging
  2258 | D:4      | Reached XP level 7. HP: 36/44 MP: 7/7
  2366 | D:4      | Noticed Edmund
  2397 | D:4      | Killed Edmund
  2397 | D:4      | Reached skill level 5 in Maces & Flails
  2397 | D:4      | Reached skill level 5 in Shields
  2864 | D:4      | Found a faded altar of an unknown god.
  2864 | D:4      | Found a faded altar of an unknown god.
  2870 | D:4      | Found a faded altar of an unknown god.
  2872 | D:4      | Found a faded altar of an unknown god.
  2874 | D:4      | Found a hazy altar of Hepliaklqana.
  2938 | D:5      | Entered Level 5 of the Dungeon
  2960 | D:5      | Reached skill level 5 in Fighting
  3248 | D:5      | Noticed Menkaure
  3260 | D:5      | Slain by Menkaure

Skill      XL: |  1  2  3  4  5  6  7 |
---------------+----------------------+-----
Fighting       | 4 5 |  5.0
Maces & Flails | 3 4 5 |  5.9
Shields        | 4 5 |  5.5
Armour         | 4 |  4.7
Dodging        | 1 |  1.0

Action                   |  1- 3 |  4- 6 |  7- 9 || total
-------------------------+-------+-------+-------++-------
Melee: Flail             |   133 |   150 |   100 ||   383
  Use: Scroll            |     7 |       |     2 ||     9
       Potion            |     5 |     2 |     3 ||    10
  Eat: Chunk             |     2 |     3 |     3 ||     8
Armor: Scale mail        |    49 |       |       ||    49
       Plate armour      |    23 |    89 |    57 ||   169
Dodge: Dodged            |    48 |    10 |    11 ||    69
Block: Shield            |    68 |    77 |    57 ||   202
